 Dungeon Sprint DCSS version 0.17-a0-1404-gb8113a6 (webtiles) character file.

309 shklvsk the Zephyrmancer (level 6, 0/28 HPs)
             Began as a Vine Stalker Air Elementalist on June 21, 2015.
             Was a Believer of Vehumet.
             Slain by an unseen horror (7 damage)
             ... in the Dungeon (Sprint IX: "|||||||||||||||||||||||||||||").
             The game lasted 00:07:08 (564 turns).

shklvsk the Zephyrmancer (VSAE)                      Turns: 564, Time: 00:07:08

Health: 0/28       AC:  3    Str: 11    XL:     6   Next: 41%
Magic:  0/17       EV: 12    Int: 23    God:    Vehumet [**....]
Gold:   0          SH:  0    Dex: 14    Spells: 5 memorised, 7 levels left

rFire  . . .     SeeInvis .     n - staff of energy
rCold  . . .     Clarity  .     a - +0 robe
rNeg   . . .     SustAt   .     (no shield)
rPois  .         Gourm    .     (no helmet)
rElec  .         Spirit   +     s - +0 cloak
rCorr  .         Warding  .     (no gloves)
rMut   .         NoTele   +     (no boots)
MR     .....                    (no amulet)
Stlth  ++........               u - +3 ring of intelligence
                                t - +3 ring of intelligence

@: not resistant to hostile enchantments, unstealthy
A: fangs 2, regeneration 2, magic shield, antimagic bite, no device heal 3, rot
immunity
a: Renounce Religion


You were in the Dungeon.
You worshipped Vehumet.
Vehumet was pleased with you.
You were not hungry.

You visited 1 branch

Inventory:

Hand weapons
 h - a +0 club
 o - a +2 dire flail of crushing
 p - a +2 halberd of protection
 q - a +2 rapier of distortion
 r - a +2 scimitar of holy wrath
Armour
 a - a +0 robe (worn)
 s - a +0 cloak (worn)
Magical staves
 n - an uncursed staff of energy (weapon)
Jewellery
 t - a +3 ring of intelligence (left hand)
 u - a +3 ring of intelligence (right hand)
Magical devices
 m - a wand of cold (4)
Scrolls
 k - 3 scrolls of remove curse
 l - 2 scrolls of amnesia
Potions
 d - 5 potions of curing
 e - 3 potions of heal wounds
 g - 3 potions of magic
Books
 b - a book of Air

   Spells                             Type                      Level
   a - Shock                          Conjuration/Air              1
   b - Swiftness                      Charms/Air                   2
   c - Repel Missiles                 Charms/Air                   2
   d - Static Discharge               Conjuration/Air              3
   e - Lightning Bolt                 Conjuration/Air              5
Comestibles
 c - a bread ration


   Skills:
 + Level 1.5 Dodging
 - Level 2.4 Stealth
 + Level 7.7 Spellcasting
 * Level 4.4 Conjurations
 + Level 10.1 Air Magic
 * Level 0.5 Evocations


You had 7 spell levels left.
You knew the following spells:

 Your Spells              Type           Power        Failure   Level  Hunger
a - Shock                 Conj/Air       ####         1%          1    None
b - Swiftness             Chrm/Air       ####....     1%          2    None
c - Repel Missiles        Chrm/Air       ####..       1%          2    None
d - Static Discharge      Conj/Air       #####...     1%          3    None
e - Lightning Bolt        Conj/Air       #####.....   12%         5    None


Dungeon Overview and Level Annotations

Branches:
Dungeon (1/1)

Altars:
Cheibriados
Dithmenos
Elyvilon
Fedhas
Gozag
Kikubaaqudgha
Makhleb
Nemelex Xobeh
Okawaru
Qazlal
Ru
Sif Muna
Trog
Vehumet
Xom
Yredelemnul
Zin
The Shining One
Beogh
Jiyva
Lugonu


Innate Abilities, Weirdness & Mutations

You have extremely sharp teeth.
You heal very quickly.
When hurt, damage is shared between your health and your magic reserves.
Your bite disrupts and absorbs the magic of your enemies.
Potions and wands cannot restore your health.
You are immune to rotting.


Message History

You can't see any susceptible monsters within range! (Use Z to cast anyway.)
Casting: Shock
Confirm with . or Enter, or press ? or * to list all spells.
Aiming: Lightning Bolt
Press: ? - help, Shift-Dir - straight line You hear a mighty clap of thunder!
The bolt of lightning hits something.
Something hits you.
Casting: Lightning Bolt
Confirm with . or Enter, or press ? or * to list all spells.
Aiming: Lightning Bolt
Press: ? - help, Shift-Dir - straight line You hear a mighty clap of thunder!
Something hits you. Something hits you!
* * * LOW HITPOINT WARNING * * *
Casting: Lightning Bolt
Confirm with . or Enter, or press ? or * to list all spells.
Aiming: Shock
Press: ? - help, Shift-Dir - straight line The zap hits something.
Something hits you!
You die...

▓_▓
▓_▓
▓_▓
▓_▓
▓_▓
▓_▓
▓_▓
▓_▓
▓@▓
▓'▓
▓.▓
▓.▓
▓.▓
▓)▓
▓[▓
▓.▓
▓[▓


There were no monsters in sight!

Vanquished Creatures
  An ogre (D)
  2 giant frogs (D)
  A hound (D)
  2 worker ants (D)
  A giant gecko (D)
  3 orcs (D)
  A bat zombie (D)
  A hobgoblin (D)
  A ball python skeleton (D)
  3 bats (D)
  A giant newt (D)
  A quokka (D)
  A rat (D)
19 creatures vanquished.

Notes
Turn   | Place    | Note
--------------------------------------------------------------
     0 | D        | shklvsk the Vine Stalker Air Elementalist began the quest for the Orb.
     0 | D        | Reached XP level 1. HP: 9/9 MP: 4/4
     6 | D        | Reached skill level 4 in Air Magic
    42 | D        | Noticed an ogre
    43 | D        | Reached XP level 2. HP: 13/13 MP: 5/7
    67 | D        | Killed an ogre
    67 | D        | Reached skill level 6 in Spellcasting
    67 | D        | Reached skill level 7 in Air Magic
    67 | D        | Reached XP level 3. HP: 15/16 MP: 0/11
    67 | D        | Reached XP level 4. HP: 19/21 MP: 0/13
   195 | D        | Found a glowing silver altar of Zin.
   195 | D        | Found a glowing golden altar of the Shining One.
   195 | D        | Found an ancient bone altar of Kikubaaqudgha.
   195 | D        | Found a basalt altar of Yredelemnul.
   195 | D        | Found a shimmering altar of Xom.
   195 | D        | Found a radiant altar of Vehumet.
   196 | D        | Found an iron altar of Okawaru.
   197 | D        | Found a burning altar of Makhleb.
   198 | D        | Found a deep blue altar of Sif Muna.
   199 | D        | Found a bloodstained altar of Trog.
   200 | D        | Found a sparkling altar of Nemelex Xobeh.
   201 | D        | Found a white marble altar of Elyvilon.
   202 | D        | Found a roughly hewn altar of Beogh.
   203 | D        | Became a worshipper of Vehumet
   204 | D        | Found a viscous altar of Jiyva.
   205 | D        | Found a corrupted altar of Lugonu.
   206 | D        | Found a blossoming altar of Fedhas.
   207 | D        | Found a snail-covered altar of Cheibriados.
   208 | D        | Found a shadowy altar of Dithmenos.
   209 | D        | Found a stormy altar of Qazlal.
   210 | D        | Found an opulent altar of Gozag.
   211 | D        | Found a sacrificial altar of Ru.
   222 | D        | Learned a level 2 spell: Swiftness
   225 | D        | Learned a level 2 spell: Repel Missiles
   229 | D        | Learned a level 3 spell: Static Discharge
   256 | D        | Noticed a worker ant
   256 | D        | Noticed a giant frog
   256 | D        | Noticed a worker ant
   260 | D        | Acquired Vehumet's first power
   260 | D        | Offered knowledge of Magic Dart by Vehumet.
   261 | D        | Killed a worker ant
   261 | D        | Reached XP level 5. HP: 21/24 MP: 10/15
   262 | D        | Killed a giant frog
   262 | D        | Reached skill level 8 in Air Magic
   263 | D        | Killed a worker ant
   263 | D        | Reached skill level 9 in Air Magic
   293 | D        | Noticed a yak
   293 | D        | Noticed a hill giant
   293 | D        | Noticed a giant frog
   293 | D        | Noticed a hound
   299 | D        | Killed a giant frog
   299 | D        | Gained mutation: You heal very quickly. [Vine Stalker growth]
   299 | D        | Reached XP level 6. HP: 8/28 MP: 3/17
   299 | D        | Killed a hound
   299 | D        | Reached skill level 10 in Air Magic
   451 | D        | Learned a level 5 spell: Lightning Bolt
   564 | D        | Slain by an unseen horror

Vault maps used:
D:        linesprint

Action                   |  1- 3 |  4- 6 || total
-------------------------+-------+-------++-------
Melee: Unarmed           |     1 |       ||     1
       Halberd           |       |     2 ||     2
 Cast: Shock             |    14 |    10 ||    24
       Lightning Bolt    |       |     2 ||     2
Evoke: Wand              |       |     3 ||     3
  Use: Potion            |     3 |     1 ||     4
       Scroll            |       |     2 ||     2
